[Event "Titled Tuesday Blitz March 28 Early 2023"]
[White "Zaragatski, Ilja"]
[Black "Flores, Diego"]
[WhiteFideId "4655192"]
[BlackFideId "108049"]
[WhiteElo "2460"]
[BlackElo "2606"]
[Result "0-1"]
[Round "11"]
[TimeControl "180+2"]
[Date "2023.03.28"]
[WhiteClock "0:00:04"]
[BlackClock "0:00:22"]

1. g3 c5 2. Bg2 Nc6 3. c4 g6 4. Nc3 Bg7 5. a3 e6 6. Rb1 Nge7 7. b4 d5 8. cxd5 exd5 9. bxc5 O-O 10. Nf3 Bf5 11. Rxb7 d4 12. Nb5 d3 13. Nd6 Bc8 14. Nxc8 Qxc8 15. Rb3 dxe2 16. Qxe2 Nf5 17. O-O Ncd4 18. Nxd4 Nxd4 19. Qc4 Nxb3 20. Bxa8 Na5 21. Qb5 Qxa8 22. Qxa5 Qf3 23. Qb4 Rc8 24. d4 h5 25. h4 Re8 26. Bf4 Re4 27. Be3 Rxe3 28. fxe3 Qxg3+ 29. Kh1 Qxh4+ 30. Kg2 Qg4+ 31. Kf2 Bf6 32. Qb8+ Kg7 33. Qf4 Bh4+ 0-1


[Site "https://www.chess.com"]

[Event "Titled Tuesday Blitz March 28 Early 2023"]
[White "Osinenko, Anton"]
[Black "Karolczuk, Iwo"]
[WhiteFideId "4158970"]
[BlackFideId "21816972"]
[WhiteElo "2294"]
[BlackElo "2348"]
[Result "1-0"]
[Round "11"]
[TimeControl "180+2"]
[Date "2023.03.28"]
[WhiteClock "0:00:46"]
[BlackClock "0:00:02"]

1. e4 a6 2. d4 e6 3. c3 b5 4. Bd3 Bb7 5. f4 c5 6. Nf3 Nf6 7. Qe2 d5 8. e5 Ne4 9. Nbd2 Nxd2 10. Bxd2 c4 11. Bc2 g6 12. g4 h5 13. gxh5 Rxh5 14. Ng5 Qe7 15. Qg4 Kd7 16. O-O-O b4 17. Rdg1 bxc3 18. Bxc3 Bh6 19. Kb1 Nc6 20. Nxf7 Rh4 21. Qxg6 Bxf4 22. Nd6 Kc7 23. Qg7 Bh6 24. Qxe7+ Nxe7 25. Ba5+ Kb8 26. Bb6 a5 27. Nf7 Bf4 28. Bd8 Rxh2 29. Bxe7 Rxh1 30. Rxh1 Ka7 31. Bc5+ Ka6 32. Rf1 Be3 33. Rf6 Rg8 34. Rxe6+ Bc6 35. Rxc6+ Kb7 36. Rb6+ Kc7 37. a3 Rg1+ 38. Ka2 Rg2 39. Ba4 c3 40. e6 Bc1 41. e7 1-0


[Site "https://www.chess.com"]

[Event "Titled Tuesday Blitz March 28 Early 2023"]
[White "Korchmar, Vasiliy"]
[Black "Lukas2010"]
[WhiteFideId "24131750"]
[WhiteElo "2370"]
[BlackElo "2533"]
[Result "1-0"]
[Round "11"]
[TimeControl "180+2"]
[Date "2023.03.28"]
[WhiteClock "0:00:56"]
[BlackClock "0:01:02"]

1. e4 c5 2. Nf3 e6 3. g3 Nc6 4. Bg2 d5 5. exd5 exd5 6. O-O Nf6 7. d4 Be7 8. dxc5 O-O 9. a3 a5 10. Nc3 Bxc5 11. b3 d4 12. Nb5 Qb6 13. a4 Bf5 14. Bf4 Nd5 15. Bd2 Ne3 16. fxe3 dxe3 17. Bxe3 Bxe3+ 18. Kh1 Rad8 19. Qe2 Rfe8 20. Qc4 Be6 21. Qh4 Qc5 22. Rae1 Bh6 23. Nc7 Qxc2 24. Nxe8 Rxe8 25. Ng5 Bxg5 26. Qxg5 h6 27. Qb5 Rd8 28. Qxb7 Nb4 29. Rxe6 fxe6 30. Be4 Qc5 31. Qf7+ Kh8 32. Qg6 1-0


[Site "https://www.chess.com"]

[Event "Titled Tuesday Blitz March 28 Early 2023"]
[White "Sousa, Andre Ventura"]
[Black "Zubritskiy, Artyom"]
[WhiteFideId "1917617"]
[BlackFideId "4181247"]
[WhiteElo "2348"]
[BlackElo "2419"]
[Result "0-1"]
[Round "11"]
[TimeControl "180+2"]
[Date "2023.03.28"]
[WhiteClock "0:00:12"]
[BlackClock "0:00:10"]

1. d4 Nc6 2. Nf3 d6 3. e4 Nf6 4. Nc3 g6 5. h3 Bg7 6. Be2 O-O 7. O-O e5 8. dxe5 Nxe5 9. Be3 c6 10. Nxe5 dxe5 11. Qxd8 Rxd8 12. f3 Be6 13. Na4 b6 14. Rfd1 Nh5 15. Kf2 Nf4 16. Ba6 Rab8 17. h4 Bf8 18. b3 Ba3 19. Rab1 f6 20. g3 Nh5 21. Bc4 Bxc4 22. bxc4 Ng7 23. Rd3 Be7 24. Rbd1 Kf7 25. Ke2 Ke8 26. f4 exf4 27. gxf4 f5 28. Kf3 fxe4+ 29. Kxe4 Nf5 30. Bf2 h5 31. Rg1 Kf7 32. c5 Rxd3 33. cxd3 b5 34. Nc3 Re8 35. Kf3 Bxh4 36. Ne4 Bxf2 37. Kxf2 Rd8 38. Ke2 Rd4 39. Kd2 Ra4 40. Ra1 h4 41. Ng5+ Kg7 42. Ne4 h3 43. Rh1 Rxa2+ 44. Kc3 h2 45. Ng5 Ng3 0-1


[Site "https://www.chess.com"]

[Event "Titled Tuesday Blitz March 28 Early 2023"]
[White "Shapiro, Viktor"]
[Black "Poormosavi, Seyed Kian"]
[WhiteFideId "4175700"]
[BlackFideId "12585807"]
[WhiteElo "2152"]
[BlackElo "2334"]
[Result "1-0"]
[Round "11"]
[TimeControl "180+2"]
[Date "2023.03.28"]
[WhiteClock "0:01:36"]
[BlackClock "0:01:43"]

1. c4 Nf6 2. Nc3 Nc6 3. Nf3 e5 4. d3 Bb4 5. g3 O-O 6. Bg2 d6 7. O-O Bxc3 8. bxc3 Re8 9. e4 a6 10. Rb1 b5 11. cxb5 axb5 12. a3 Ba6 13. Re1 Na5 14. h3 Nd7 15. Be3 Nc5 16. Nh4 Qd7 17. Nf5 Qc6 18. d4 Nd7 19. Qg4 g6 20. Nh6+ Kg7 21. d5 f5 22. Nxf5+ 1-0


[Site "https://www.chess.com"]

[Event "Titled Tuesday Blitz March 28 Early 2023"]
[White "Rozman, Levy"]
[Black "Shivakumar, Shawnak"]
[WhiteFideId "2039877"]
[BlackFideId "30940192"]
[WhiteElo "2376"]
[BlackElo "2089"]
[Result "0-1"]
[Round "11"]
[TimeControl "180+2"]
[Date "2023.03.28"]
[WhiteClock "0:00:54"]
[BlackClock "0:02:08"]

1. e4 e5 2. Nf3 Nf6 3. Nxe5 d6 4. Nf3 Nxe4 5. Nc3 Nxc3 6. dxc3 Be7 7. Be3 Nd7 8. Qd2 O-O 9. O-O-O Nf6 10. Bd3 c5 11. Rhe1 b5 12. Bg5 Be6 13. Bxf6 Bxf6 14. Be4 Rb8 15. Qxd6 Qa5 16. Bd5 Bxd5 17. Qxd5 b4 18. cxb4 Qxb4 19. Qb3 Qf4+ 20. Qe3 Bxb2+ 21. Kd2 Rbd8+ 22. Ke2 Rde8 23. Kf1 Rxe3 24. Rxe3 Qc4+ 25. Re2 Re8 26. Rd3 Rxe2 27. Kxe2 Qxc2+ 28. Nd2 Bd4 0-1


[Site "https://www.chess.com"]

[Event "Titled Tuesday Blitz March 28 Early 2023"]
[White "Savitha Shri B"]
[Black "Domingo Nunez, Alejandro"]
[WhiteFideId "35061887"]
[BlackFideId "22245561"]
[WhiteElo "2191"]
[BlackElo "2230"]
[Result "0-1"]
[Round "11"]
[TimeControl "180+2"]
[Date "2023.03.28"]
[WhiteClock "0:00:18"]
[BlackClock "0:00:50"]

1. e4 g6 2. d4 Bg7 3. Nc3 c6 4. h4 h5 5. Nf3 d5 6. e5 Bg4 7. Be2 Nh6 8. Bg5 O-O 9. Bxh6 Bxh6 10. Ng5 Bxe2 11. Qxe2 Bxg5 12. hxg5 Qc8 13. O-O-O Qf5 14. Qe3 Nd7 15. f3 Nb6 16. g4 Nc4 17. Qe2 Qxg5+ 18. Kb1 hxg4 19. Qh2 Qh5 20. Qg3 Qg5 21. Rh4 Kg7 22. Rxg4 Qf5 23. Rf4 Qe6 24. Qg1 Rh8 25. b3 Na3+ 26. Kb2 Nb5 27. Nxb5 cxb5 28. Rd2 Rac8 29. Rg2 b4 30. Rfg4 Rc3 31. f4 Rhh3 32. Rg5 Rhf3 33. Qh2 Rh3 34. Qg1 Rcf3 35. Qc1 Kf8 36. Qd2 a5 37. Qe2 Qc6 38. f5 Qc3+ 39. Kb1 Re3 40. fxg6 Rxe2 0-1


[Site "https://www.chess.com"]

[Event "Titled Tuesday Blitz March 28 Early 2023"]
[White "Bas Mas, Jose Joaquin"]
[Black "Sochacki, Christophe"]
[WhiteFideId "22219064"]
[BlackFideId "662569"]
[WhiteElo "2233"]
[BlackElo "2474"]
[Result "0-1"]
[Round "11"]
[TimeControl "180+2"]
[Date "2023.03.28"]
[WhiteClock "0:00:44"]
[BlackClock "0:00:50"]

1. e4 c5 2. Nc3 e6 3. Nge2 a6 4. g3 b5 5. d3 Bb7 6. Bg2 d6 7. O-O Nd7 8. d4 cxd4 9. Qxd4 Ngf6 10. a4 e5 11. Qd2 b4 12. Nd5 a5 13. c3 Nc5 14. cxb4 Nb3 15. Qd3 Bxd5 16. exd5 Nxa1 17. b5 Qc8 18. Bd2 Qc2 19. Qe3 Nb3 20. Bc3 Be7 21. f4 O-O 22. fxe5 dxe5 23. Qxe5 Rfe8 24. d6 Bd8 25. Qxe8+ Nxe8 26. Bxa8 Nxd6 27. Bd5 Qxe2 0-1


[Site "https://www.chess.com"]

[Event "Titled Tuesday Blitz March 28 Early 2023"]
[White "Al-Tarboush, Ward"]
[Black "Thecourseoisildur"]
[WhiteFideId "7601450"]
[WhiteElo "2257"]
[BlackElo "2474"]
[Result "0-1"]
[Round "11"]
[TimeControl "180+2"]
[Date "2023.03.28"]
[WhiteClock "0:01:13"]
[BlackClock "0:00:06"]

1. e4 c5 2. Nf3 e6 3. d4 cxd4 4. Nxd4 Nf6 5. Nc3 Nc6 6. Bf4 Bb4 7. Nb5 Nxe4 8. Qf3 d5 9. Nc7+ Kf8 10. Nxa8 e5 11. Bd2 Nd4 12. Qd1 Nxd2 13. Qxd2 Bf5 14. Bd3 e4 15. Bf1 Bc5 16. b4 e3 17. fxe3 Nxc2+ 18. Kd1 Nxe3+ 19. Kc1 Bxb4 20. Qxe3 d4 21. Qe5 dxc3 22. Bd3 Qxd3 23. Qb8+ Ke7 24. Qxb7+ Kf6 25. Qc6+ Kg5 26. h4+ Kh5 27. Qf3+ Qxf3 28. gxf3 Ba3+ 29. Kd1 Rxa8 30. Ke2 Re8+ 31. Kf2 c2 32. Rhg1 Bc5+ 33. Kg3 Bxg1 34. Rxg1 Rd8 35. Kf4 h6 36. Kxf5 Rd1 37. Rxg7 c1=Q 38. Rxf7 Qc5+ 39. Kf6 Rd6+ 40. Kg7 Qe5+ 41. Kh7 Rf6 42. Rg7 Qf5+ 43. Kh8 Rf8+ 44. Rg8 Qf6+ 45. Kh7 Rf7+ 0-1


[Site "https://www.chess.com"]

[Event "Titled Tuesday Blitz March 28 Early 2023"]
[White "Gontcharov, Vladislav"]
[Black "Hindermann, Felix"]
[WhiteFideId "4123492"]
[BlackFideId "1305212"]
[WhiteElo "2470"]
[BlackElo "2206"]
[Result "1-0"]
[Round "11"]
[TimeControl "180+2"]
[Date "2023.03.28"]
[WhiteClock "0:00:46"]
[BlackClock "0:01:23"]

1. d4 e6 2. c4 b6 3. Nf3 Bb7 4. Nc3 f5 5. g3 Nf6 6. Bg2 Bb4 7. Bd2 O-O 8. O-O Bxc3 9. Bxc3 Qe8 10. d5 Na6 11. Nd4 Nc5 12. Nb5 Qh5 13. Nxc7 Rad8 14. Bxf6 Rxf6 15. dxe6 Bxg2 16. Kxg2 Rh6 17. h4 Nxe6 18. Nxe6 Rxe6 19. e3 Qf7 20. Qd5 Re4 21. Qxf7+ Kxf7 22. b3 d5 23. Rad1 Ke6 24. Rd3 b5 25. cxb5 Rb4 26. a4 Rc8 27. Rfd1 Rc5 28. Kf3 g6 29. Ke2 Rc2+ 30. R1d2 Rc5 31. Kd1 Ke5 32. Rc2 Rxc2 33. Kxc2 Ke4 34. Kc3 Kf3 35. Kxb4 1-0


[Site "https://www.chess.com"]

[Event "Titled Tuesday Blitz March 28 Early 2023"]
[White "Alex_Sahakyan2006"]
[Black "Lorenzo De La Riva, Lazaro"]
[BlackFideId "2268809"]
[WhiteElo "2595"]
[BlackElo "2294"]
[Result "1-0"]
[Round "11"]
[TimeControl "180+2"]
[Date "2023.03.28"]
[WhiteClock "0:00:50"]
[BlackClock "0:00:19"]

1. Nc3 c6 2. g3 d5 3. d3 e5 4. Nf3 Bd6 5. e4 d4 6. Nb1 c5 7. Bg2 h6 8. Nh4 g6 9. O-O Nc6 10. a4 Be6 11. Na3 Bc7 12. Nc4 Nge7 13. Bd2 g5 14. Nf3 Ng6 15. h3 g4 16. hxg4 Bxg4 17. Qc1 h5 18. Nh2 Qd7 19. f4 O-O-O 20. f5 Nge7 21. Nxg4 hxg4 22. Bg5 Rdg8 23. Kf2 Rh5 24. Bf6 Re8 25. Rh1 Rxh1 26. Qxh1 Ng8 27. Bg5 f6 28. Bd2 Qg7 29. Qh5 Re7 30. Rh1 b6 31. Rh4 Rf7 32. Rxg4 Qf8 33. Qh8 Nge7 34. Qxf8+ Rxf8 35. Bh6 Rf7 36. Rg7 Rxg7 37. Bxg7 Ng8 38. Bf3 Kd7 39. Bh5 Ke7 40. g4 a6 41. Ke2 b5 42. axb5 axb5 43. Na3 Na7 44. Kd2 Ba5+ 45. c3 b4 46. cxb4 Bxb4+ 47. Kc2 Nc6 48. Nc4 Na5 49. Nb6 Nc6 50. Nd5+ Kd6 51. Bf7 Nge7 52. Nxf6 Be1 53. Be6 Bh4 54. Ne8# 1-0


[Site "https://www.chess.com"]

[Event "Titled Tuesday Blitz March 28 Early 2023"]
[White "Buscar, Michael"]
[Black "Rosen, Eric"]
[WhiteFideId "2603616"]
[BlackFideId "2032562"]
[WhiteElo "2010"]
[BlackElo "2331"]
[Result "0-1"]
[Round "11"]
[TimeControl "180+2"]
[Date "2023.03.28"]
[WhiteClock "0:02:39"]
[BlackClock "0:02:18"]

1. d4 d5 2. c4 e6 3. cxd5 exd5 4. Qc2 Nf6 5. Nc3 c6 6. Bg5 Bd6 7. e3 O-O 8. Bd3 h6 9. Bh4 Re8 10. Nge2 a5 11. O-O Bxh2+ 12. Kxh2 Ng4+ 13. Kg3 g5 14. Rh1 gxh4+ 15. Rxh4 Qg5 16. f4 Rxe3# 0-1


[Site "https://www.chess.com"]

[Event "Titled Tuesday Blitz March 28 Early 2023"]
[White "Rosenberg, Evan S"]
[Black "Janaszak, Dawid"]
[WhiteFideId "2019299"]
[BlackFideId "1119206"]
[WhiteElo "2353"]
[BlackElo "2220"]
[Result "0-1"]
[Round "11"]
[TimeControl "180+2"]
[Date "2023.03.28"]
[WhiteClock "0:00:03"]
[BlackClock "0:00:29"]

1. d4 Nf6 2. Nf3 e6 3. g3 c5 4. Bg2 Nc6 5. O-O cxd4 6. Nxd4 Bc5 7. Nb3 Be7 8. c4 d5 9. Nc3 dxc4 10. Qxd8+ Bxd8 11. Nd2 Na5 12. b4 cxb3 13. axb3 O-O 14. b4 Nc6 15. b5 Nd4 16. e3 Nf5 17. Nc4 Be7 18. Nb6 Rb8 19. Rxa7 Bb4 20. Bb2 Nd6 21. Nxc8 Rfxc8 22. Nd1 Nd5 23. e4 Nb6 24. Bd4 Nbc4 25. b6 Nb5 26. Ra4 Bd6 27. Ba1 Nxb6 28. Ra2 Nc4 29. Ne3 Nxe3 30. fxe3 Bc5 31. Kh1 Ra8 32. Rb2 Ra5 33. Rc2 Rca8 34. Be5 b6 35. h4 f6 36. Bd4 Ra2 37. Rxa2 Rxa2 38. e5 Nxd4 39. exd4 Bxd4 40. exf6 gxf6 41. Re1 Kf7 42. Be4 f5 43. Rf1 Ke7 44. Bd3 Ra3 45. Rd1 Kf6 46. Kg2 Be5 47. Kh3 b5 48. Kg2 b4 49. Kf2 b3 50. Rb1 b2 51. Bc2 Bxg3+ 52. Kg2 Be5 53. h5 Rg3+ 54. Kf2 Rh3 55. Bd1 Rh2+ 56. Ke3 h6 57. Kd3 Bf4 58. Bc2 Bc1 59. Kc4 Rxc2+ 60. Kb3 Rh2 61. Ka2 Rxh5 62. Kb3 Rh3+ 63. Ka2 h5 64. Ra1 bxa1=Q+ 65. Kxa1 f4 66. Kb1 f3 67. Kc2 f2 68. Kb1 f1=Q 69. Kc2 Qd3+ 70. Kxc1 Rh1+ 0-1


[Site "https://www.chess.com"]

[Event "Titled Tuesday Blitz March 28 Early 2023"]
[White "Weetik, Vjacheslav"]
[Black "Toropov, Pavel"]
[WhiteFideId "4153472"]
[BlackFideId "24129178"]
[WhiteElo "2469"]
[BlackElo "2182"]
[Result "1-0"]
[Round "11"]
[TimeControl "180+2"]
[Date "2023.03.28"]
[WhiteClock "0:00:04"]
[BlackClock "0:00:09"]

1. d4 d5 2. c4 c6 3. Nf3 Nf6 4. g3 dxc4 5. Bg2 b5 6. O-O e6 7. Ne5 Bb7 8. a4 a6 9. b3 cxb3 10. Qxb3 Be7 11. Rd1 O-O 12. Nc3 Nd5 13. Ne4 Nd7 14. Nxd7 Qxd7 15. Nc5 Bxc5 16. dxc5 Qe7 17. e4 Nf6 18. Rd6 Ne8 19. e5 Nxd6 20. exd6 Qd7 21. Bb2 Rfe8 22. Re1 e5 23. Bxe5 Kh8 24. Re3 f6 25. Bd4 Rxe3 26. Bxe3 Re8 27. h4 a5 28. Kh2 b4 29. Qc4 Qc8 30. h5 Ba6 31. Qf4 h6 32. Be4 Bc4 33. Bg6 Rd8 34. Qxc4 Qd7 35. Qf7 Qxf7 36. Bxf7 Rb8 37. d7 Rd8 38. Be6 b3 39. Bd4 Kh7 40. Bc3 g6 41. Bxa5 Rxd7 42. hxg6+ Kxg6 43. Bc3 Re7 44. Bxb3 Rd7 45. Bc2+ Kg7 46. Bf5 Rd5 47. Be4 Rxc5 48. Bd2 Rc4 49. Bf3 Rxa4 50. Bxc6 Rc4 51. Bf3 Rc2 52. Be3 Ra2 53. Kg2 Rb2 54. Be4 Ra2 55. Kf3 Ra5 56. Bd3 Ra3 57. Be2 Ra4 58. Bd3 Ra3 59. Bf5 Ra4 60. g4 Rb4 61. Kg3 Ra4 62. Kh4 Rb4 63. Kh5 Rb1 64. Bxh6+ Kf7 65. g5 Rh1+ 66. Kg4 Rg1+ 67. Kf4 fxg5+ 68. Bxg5 Ra1 69. Be4 Ra4 70. f3 Ke6 71. Bh4 Ra1 72. Bf5+ Kf7 73. Kg5 Rh1 74. f4 Rf1 75. Be4 Rg1+ 76. Kf5 Rh1 77. Bg5 Ra1 78. Bd5+ Kg7 79. Bf6+ Kh7 80. Ke6 Ra6+ 81. Kf5 Ra5 82. Ke5 Rb5 83. f5 Rb1 84. Be7 Re1+ 85. Kd6 Kg7 86. f6+ Kg6 87. f7 Rf1 88. f8=Q Rf6+ 89. Qxf6+ Kh7 90. Qg5 Kh8 91. Bf6+ Kh7 92. Qg7# 1-0


[Site "https://www.chess.com"]

[Event "Titled Tuesday Blitz March 28 Early 2023"]
[White "Salemgareev, Tagir"]
[Black "Skaric, Djuro"]
[WhiteFideId "24199052"]
[BlackFideId "934569"]
[WhiteElo "2366"]
[BlackElo "2282"]
[Result "1-0"]
[Round "11"]
[TimeControl "180+2"]
[Date "2023.03.28"]
[WhiteClock "0:00:22"]
[BlackClock "0:00:40"]

1. d4 d6 2. e4 g6 3. c4 Bg7 4. Nc3 Nf6 5. Nf3 O-O 6. h3 Nc6 7. Be3 e5 8. d5 Ne7 9. g4 a6 10. Nd2 Ne8 11. h4 f5 12. f3 Nf6 13. Be2 f4 14. Bf2 h5 15. g5 Nd7 16. b4 b6 17. Kf1 Bb7 18. Kg2 Rf7 19. Qb3 Kh7 20. c5 bxc5 21. bxc5 Bc8 22. c6 Nc5 23. Qa3 Ng8 24. Nc4 Bf8 25. Rab1 Be7 26. Nxe5 dxe5 27. Bxc5 Bd6 28. Bxd6 cxd6 29. Rb2 Qf8 30. Rhb1 Rc7 31. Kf2 Qd8 32. Rb8 Raa7 33. Qa5 Ne7 34. R1b7 Raxb7 35. cxb7 Qd7 36. bxc8=Q Nxc8 37. Bxa6 Ne7 38. Bb5 Qh3 39. Qxc7 Qxh4+ 40. Ke2 Qxg5 41. Re8 Qg2+ 42. Kd1 Qxf3+ 43. Ne2 Qxe4 44. Qxe7+ Kh6 45. Rh8# 1-0


[Site "https://www.chess.com"]

[Event "Titled Tuesday Blitz March 28 Early 2023"]
[White "Kubatko, Ivan"]
[Black "Skvortsov, Andrei"]
[WhiteFideId "24111473"]
[BlackFideId "24108600"]
[WhiteElo "2285"]
[BlackElo "2259"]
[Result "0-1"]
[Round "11"]
[TimeControl "180+2"]
[Date "2023.03.28"]
[WhiteClock "0:00:02"]
[BlackClock "0:00:39"]

1. e4 e6 2. d4 d5 3. exd5 exd5 4. Nf3 Nc6 5. c4 Bb4+ 6. Nc3 Nf6 7. Bd3 Qe7+ 8. Be3 dxc4 9. Bxc4 Ng4 10. O-O Nxe3 11. fxe3 Qxe3+ 12. Kh1 O-O 13. Nd5 Qh6 14. Nxb4 Nxb4 15. Qb3 Nc6 16. Bxf7+ Kh8 17. Ne5 Nxd4 18. Qb4 Qd6 19. Qxd6 cxd6 20. Nc4 Nf5 21. Bd5 Bd7 22. Bxb7 Rab8 23. Bd5 Bb5 24. b3 g6 25. Rfe1 Rbe8 26. Kg1 Kg7 27. h3 Bxc4 28. Bxc4 Re5 29. Bd3 Rc8 30. Bxf5 gxf5 31. Rac1 Rxe1+ 32. Rxe1 Kf6 33. Re2 Rc3 34. Kf2 a5 35. g3 f4 36. gxf4 Rxh3 37. Kg2 Rd3 38. Kf2 h5 39. Re8 Rc3 0-1


[Site "https://www.chess.com"]

[Event "Titled Tuesday Blitz March 28 Early 2023"]
[White "Pein, Jonathan"]
[Black "Rendle, Thomas E"]
[WhiteFideId "417092"]
[BlackFideId "408760"]
[WhiteElo "2151"]
[BlackElo "2428"]
[Result "0-1"]
[Round "11"]
[TimeControl "180+2"]
[Date "2023.03.28"]
[WhiteClock "0:00:05"]
[BlackClock "0:00:13"]

1. Nf3 f5 2. b3 d6 3. Bb2 e5 4. e3 Nf6 5. c4 Be7 6. Nc3 O-O 7. d3 Nc6 8. a3 a5 9. Qc2 Kh8 10. h4 Be6 11. Ng5 Bg8 12. O-O-O d5 13. Kb1 d4 14. Ne2 Bc5 15. exd4 Nxd4 16. Nxd4 Bxd4 17. Nf3 Qd6 18. Nxd4 exd4 19. Be2 Rab8 20. h5 h6 21. Bf3 b5 22. c5 Qe6 23. Bxd4 b4 24. Rde1 Qxb3+ 25. Qxb3 Bxb3 26. axb4 Rxb4 27. Bc3 Rb5 28. Bb2 Bd5 29. Ka1 Bxf3 30. gxf3 Rxc5 31. Ba3 Nd7 32. Bxc5 Nxc5 33. d4 Nb3+ 34. Kb2 Nxd4 35. Re7 Nxf3 36. Rc1 Rb8+ 37. Ka3 Nd4 38. Rc5 Ra8 39. Rxf5 Nxf5 40. Rxc7 Nd4 41. f4 Nb5+ 0-1


[Site "https://www.chess.com"]

[Event "Titled Tuesday Blitz March 28 Early 2023"]
[White "Cuenca Jimenez, Jose Fernando"]
[Black "Zheenbekov, Nurgazy"]
[WhiteFideId "2255570"]
[BlackFideId "13800485"]
[WhiteElo "2429"]
[BlackElo "1975"]
[Result "1-0"]
[Round "11"]
[TimeControl "180+2"]
[Date "2023.03.28"]
[WhiteClock "0:00:07"]
[BlackClock "0:00:01"]

1. e4 e5 2. Nf3 Nc6 3. Bb5 a6 4. Ba4 Nf6 5. O-O Be7 6. Re1 b5 7. Bb3 d6 8. c3 O-O 9. h3 Nb8 10. d4 Nbd7 11. Nbd2 Bb7 12. Bc2 Re8 13. Nf1 Bf8 14. Ng3 g6 15. a4 Bg7 16. Bd3 c6 17. Bg5 h6 18. Bd2 Kh7 19. h4 Nf8 20. h5 N6d7 21. Be3 Ne6 22. Qd2 Nb6 23. b3 Bc8 24. Nf5 g5 25. a5 Nd7 26. Nxd6 Nf4 27. Nxe8 Qxe8 28. g3 Nxd3 29. Qxd3 Nf8 30. dxe5 Bg4 31. Nd4 Rd8 32. Qc2 Bxe5 33. Nf5 Bxh5 34. Bd4 Bg6 35. Rad1 Ra8 36. Qe2 Rc8 37. Qf3 Bxd4 38. cxd4 Rd8 39. e5 Ne6 40. Nd6 Qe7 41. Qxc6 Bh5 42. Qe4+ Bg6 43. Qf3 h5 44. b4 g4 45. Qe3 Ng5 46. Kg2 Nf3 47. Rh1 Qe6 48. d5 Qd7 49. Qf4 Kg8 50. Qf6 Rb8 51. Rhe1 Qd8 52. Re3 Qxf6 53. exf6 Rd8 54. Nb7 Rd6 55. Nxd6 1-0


[Site "https://www.chess.com"]

[Event "Titled Tuesday Blitz March 28 Early 2023"]
[White "Manukian, Artak"]
[Black "Tokhirjonova, Gulrukhbegim"]
[WhiteFideId "13301373"]
[BlackFideId "14203626"]
[WhiteElo "2130"]
[BlackElo "2268"]
[Result "0-1"]
[Round "11"]
[TimeControl "180+2"]
[Date "2023.03.28"]
[WhiteClock "0:00:01"]
[BlackClock "0:00:14"]

1. e4 e5 2. Nf3 Nc6 3. d4 exd4 4. Nxd4 Nf6 5. Nxc6 bxc6 6. e5 Qe7 7. Qe2 Nd5 8. c4 Ba6 9. b3 g6 10. g3 Bg7 11. Bb2 O-O 12. Bg2 d6 13. f4 dxe5 14. fxe5 Rfe8 15. O-O Rad8 16. Re1 Nb4 17. Bc3 Nd3 18. Rf1 Qc5+ 19. Kh1 Nxe5 20. Qb2 Nd3 21. Qc2 Ne1 22. Qb2 Nd3 23. Qc2 Bc8 24. Bxg7 Kxg7 25. Nc3 Bf5 26. Qd2 Ne1 27. Qb2 Nxg2 28. Nd5+ Kh6 29. Rxf5 cxd5 30. Kxg2 Qc6 31. Qd2+ Kg7 32. Rxd5 Rxd5 33. cxd5 Qb5 34. Kf2 Qc5+ 35. Kg2 Re5 36. Rd1 h5 37. h4 Qe7 38. Kf2 Qf6+ 39. Kg2 Qf5 40. Qd4 Kh7 41. Rf1 Re2+ 42. Kg1 Qd7 43. Qf6 Kg8 44. Qf3 Re5 45. Rd1 Qd6 46. Kh2 Qe7 47. Rd2 Re3 48. Qf2 Qe5 49. Qf4 Qxf4 50. gxf4 Re4 51. Kg3 Re3+ 52. Kg2 Kf8 53. d6 cxd6 54. Rxd6 Re2+ 55. Kf3 Rxa2 56. Rd8+ Kg7 57. Rb8 Ra3 58. Rb7 a5 59. Ke4 Ra2 60. f5 Re2+ 61. Kf3 Rh2 62. fxg6 Kxg6 63. Rb6+ f6 64. Kg3 Rb2 65. Rb5 Rb1 66. Kg2 Rb2+ 67. Kg3 Ra2 68. Kf3 Rh2 69. Kg3 Ra2 70. Kf3 Rc2 71. Kg3 Rc3+ 72. Kf4 Rh3 73. Rxa5 Rxh4+ 0-1


[Site "https://www.chess.com"]

[Event "Titled Tuesday Blitz March 28 Early 2023"]
[White "Nurmanova, Alua"]
[Black "Miszler, Levente"]
[WhiteFideId "13729390"]
[BlackFideId "763276"]
[WhiteElo "2253"]
[BlackElo "2176"]
[Result "0-1"]
[Round "11"]
[TimeControl "180+2"]
[Date "2023.03.28"]
[WhiteClock "0:00:02"]
[BlackClock "0:00:34"]

1. e4 c6 2. d3 d5 3. Nd2 e5 4. Ngf3 Bd6 5. d4 exd4 6. exd5 c5 7. c4 Bf5 8. Qb3 Qb6 9. Be2 Nd7 10. O-O Ne7 11. Re1 O-O 12. Nh4 Qxb3 13. Nxb3 Bc2 14. Nd2 Nf5 15. Nxf5 Bxf5 16. Nf3 Rfe8 17. Bd2 Ne5 18. Nxe5 Rxe5 19. Bf3 Rae8 20. Rec1 R5e7 21. a3 Bd3 22. b4 b6 23. g3 Be2 24. Bg2 Bd3 25. Bf3 h6 26. Ra2 f5 27. Rb2 Kf7 28. h4 Kf6 29. Bh5 g6 30. Bf3 Kg7 31. bxc5 Bxc5 32. Bb4 Be4 33. Bd1 d3 34. Bxc5 bxc5 35. Ba4 Bf3 36. Bxe8 Rxe8 37. Rd2 Be2 38. Rb1 Kf6 39. Rb7 Ke5 40. Rxa7 Kd4 41. d6 Kc3 42. d7 Rd8 43. Ra2 d2 44. Rxd2 Kxd2 45. Rc7 Bf3 46. a4 Kd3 47. a5 Kxc4 48. a6 Rb8 49. Kh2 Rb1 50. g4 f4 0-1


[Site "https://www.chess.com"]

[Event "Titled Tuesday Blitz March 28 Early 2023"]
[White "Lenaerts, Lennert"]
[Black "Kukula, Pawel"]
[WhiteFideId "211435"]
[BlackFideId "1115081"]
[WhiteElo "2334"]
[BlackElo "2012"]
[Result "1-0"]
[Round "11"]
[TimeControl "180+2"]
[Date "2023.03.28"]
[WhiteClock "0:01:59"]
[BlackClock "0:00:03"]

1. d4 d5 2. c4 dxc4 3. Nf3 Nf6 4. e3 e6 5. Bxc4 a6 6. O-O c5 7. a3 Nc6 8. dxc5 Qxd1 9. Rxd1 Bxc5 10. b4 Be7 11. Bb2 O-O 12. Nbd2 Rd8 13. Nb3 Bd7 14. Nfd4 Nxd4 15. Bxd4 Bc6 16. Na5 Rac8 17. Rac1 Ba4 18. Re1 Bc6 19. Be2 Bd5 20. Bb6 Re8 21. f3 Nd7 22. Bd4 f5 23. Bd3 Nf6 24. Rxc8 Rxc8 25. e4 fxe4 26. fxe4 Bc6 27. Rc1 Bd7 28. Rd1 Bc6 29. Rc1 Bd7 30. Rf1 Bc6 31. Bc4 Bd7 32. e5 Ne8 33. Bb3 b5 34. Nb7 g6 35. Nc5 Bxc5 36. Bxc5 Nc7 37. Rd1 Bc6 38. Rd6 Bd5 39. Bxd5 Nxd5 40. Rxe6 Nf4 41. Rxa6 Nd3 42. e6 Nxc5 43. bxc5 Rxc5 44. Ra8+ Kg7 45. e7 Re5 46. e8=Q Rxe8 1-0


[Site "https://www.chess.com"]

[Event "Titled Tuesday Blitz March 28 Early 2023"]
[White "Derjabin, Ilja"]
[Black "QuiesPrecatio"]
[WhiteFideId "14104768"]
[WhiteElo "2309"]
[BlackElo "2461"]
[Result "0-1"]
[Round "11"]
[TimeControl "180+2"]
[Date "2023.03.28"]
[WhiteClock "0:00:24"]
[BlackClock "0:00:56"]

1. d4 Nf6 2. c4 g6 3. Nc3 d5 4. Bg5 Ne4 5. Bh4 Nxc3 6. bxc3 dxc4 7. Nf3 Bg7 8. e3 O-O 9. Bxc4 c5 10. O-O Nc6 11. Qe2 Na5 12. Bd3 b6 13. Rfd1 cxd4 14. cxd4 Bb7 15. Rac1 Qd6 16. Bg3 Qa3 17. Ne5 Rac8 18. Rb1 Bd5 19. Ba6 Rc3 20. Qb5 Bxa2 21. Ra1 Rc2 22. Bh4 Nb3 23. Rxa2 Rxa2 24. Bb7 Ra1 0-1


[Site "https://www.chess.com"]

[Event "Titled Tuesday Blitz March 28 Early 2023"]
[White "Sowul, Bartosz"]
[Black "Priyanka Nutakki"]
[WhiteFideId "1137590"]
[BlackFideId "25049615"]
[WhiteElo "2188"]
[BlackElo "2256"]
[Result "0-1"]
[Round "11"]
[TimeControl "180+2"]
[Date "2023.03.28"]
[WhiteClock "0:00:44"]
[BlackClock "0:01:54"]

1. e4 e6 2. d4 d5 3. Nc3 Nf6 4. e5 Ne4 5. Bd3 Nxc3 6. bxc3 c5 7. h4 Nc6 8. Nf3 c4 9. Be2 h6 10. a4 Qa5 11. Bd2 Bd7 12. Qb1 O-O-O 13. h5 Be7 14. Kf1 f6 15. exf6 Bxf6 16. Qb2 e5 17. Rb1 Qc7 18. dxe5 Nxe5 19. Nd4 Rhf8 20. Be3 Bg5 21. Bxg5 hxg5 22. h6 gxh6 23. Nb5 Bxb5 24. Qxb5 Rf6 25. f3 Rb6 0-1


[Site "https://www.chess.com"]